 Dungeon Crawl Stone Soup version 0.24-a0-630-g0d56a85 (webtiles) character file.

Game seed: 13508962983094152547, levelgen mode: deterministic

1 pichaelthompson the Charmwright (level 1, -2/16 HPs)
             Began as a Demonspawn Skald on Sept 19, 2019.
             Slain by a kobold
             ... wielding a +0 club
              (5 damage)
             ... on level 2 of the Dungeon.
             The game lasted 00:00:23 (127 turns).

pichaelthompson the Charmwright (Demonspawn Skald)   Turns: 127, Time: 00:00:23

Health: -2/16      AC:  3    Str: 11    XL:     1   Next: 16%
Magic:  2/3        EV: 11    Int: 14    God:
Gold:   0          SH:  0    Dex: 12    Spells: 3/4 levels left

rFire    . . .     SeeInvis .   a - +0 spear
rCold    . . .     Gourm    .   (no shield)
rNeg     . . .     Faith    .   b - +0 leather armour
rPois    .         Spirit   .   (no helmet)
rElec    .         Reflect  .   (no cloak)
rCorr    .         Harm     .   (no gloves)
MR       .....                  (no boots)
Stlth    +.........             (no amulet)
HPRegen  0.05/turn              (no ring)
MPRegen  0.08/turn              (no ring)

@: infused
A: no striking features
a: no special abilities


You were on level 2 of the Dungeon.
You were not hungry.

You visited 1 branch of the dungeon, and saw 2 of its levels.

Inventory:

Hand Weapons
 a - a +0 spear (weapon)
Armour
 b - a +0 leather armour (worn)
Scrolls
 c - 2 scrolls of blinking {unknown}
Comestibles
 d - 2 rations


   Skills:
 * Level 2.0 Fighting
 + Level 1.7 Polearms
 * Level 0.8 Armour
 * Level 1.7 Dodging
 * Level 2.0 Spellcasting
 * Level 2.7 Charms


You had 3 spell levels left.
You knew the following spells:

 Your Spells              Type           Power        Failure   Level  Hunger
a - Infusion              Chrm           #...         10%         1    ##.....

Your spell library contained the following spells:

 Spells                   Type           Power        Failure   Level  Hunger
 Song of Slaying          Chrm           #.......     16%         2    ###....
 Shroud of Golubria       Chrm/Tloc      #.....       26%         2    ###....
 Regeneration             Chrm/Necr      #.........   47%         3    ####...
 Spectral Weapon          Hex/Chrm       #.......     47%         3    ####...


Dungeon Overview and Level Annotations

Branches:
Dungeon (1/15)

Altars:


Message History

You reach to attack!
You closely miss the kobold. You hit the kobold but do no damage.
The kobold hits you with a +0 club.
You completely miss the kobold. The kobold barely misses you.
You hit the kobold but do no damage. The kobold hits you with a +0 club.
You are too injured to fight recklessly!
You are too injured to fight recklessly!
You are too injured to fight recklessly!
You closely miss the kobold. The kobold hits you but does no damage.
You barely miss the kobold. The kobold closely misses you.
You hit the kobold but do no damage. The kobold hits you with a +0 club.
You closely miss the kobold. You barely miss the kobold.
The kobold hits you with a +0 club.
* * * LOW HITPOINT WARNING * * *
You miss the kobold. The kobold hits you but does no damage.
You hit the kobold but do no damage. The kobold misses you.
Casting: Infusion (safe; 10% risk of failure)
Confirm with . or Enter, or press ? or * to list all spells.
You begin infusing your attacks with magical energy.
The kobold hits you with a +0 club.
You die...

#.............#.#.
####'#'#####..#.#.
#.#............
#.#.#..##..#.##
##+#'#..##..#.# #
#.......##..#.## #.
#...............
..##..####.....#....##.##
..'....K@'.....+.........
..###..###.....####.##.##
..... +.....# #.##.#
....... #.....# #.##.#
.........##+#..# #.##.#
.........# #..####.##<#
.........# #..#.......#
.........# #..#.##.##.#
#....# #.....)....#


You could see a kobold.

Vanquished Creatures
  A hobgoblin (D:2)
1 creature vanquished.

Notes
Turn   | Place    | Note
-------+----------+-------------------------------------------
     0 | D:1      | pichaelthompson the Demonspawn Skald began the quest for
                  | the Orb.
     0 | D:1      | Reached XP level 1. HP: 16/16 MP: 3/3
    10 | D:1      | You fall into a shaft and drop 1 floor!
   127 | D:2      | Slain by a kobold

Levels and vault maps discovered:
D:1:      wander_arrival_chamber, layout_rooms
D:2:      layout_basic, overflow_temple_1_default

Action                   || total
-------------------------++-------
Melee: Spear             ||    15
 Cast: Infusion          ||     1
 Stab: Sleeping          ||     1
Armor: Leather armour    ||     2
Dodge: Dodged            ||     4

Table legend:
 A = Non-vault XP
 B = Vault XP
 C = Vault XP percentage of total XP
 D = Non-vault monster count
 E = Vault monster count
 F = Vault count percentage of total count
                 A         B        C        D         E       F
            +---------+---------+-------+---------+---------+-------
      Total |       2 |       0 |   0.0 |       1 |       0 |   0.0
            +---------+---------+-------+---------+---------+-------
        D:2 |       2 |       0 |   0.0 |       1 |       0 |   0.0
            +---------+---------+-------+---------+---------+-------
